TOP OF THE 1ST |
San Jose Missions batting - Pitching for Houston Hammertime : LHP Millard Curtis
|
Pitching: LHP Millard Curtis
|
|
Batting: RHB Bobby Brewster
|
0-0: Ball 1-0: Fly out, F7 (Flyball, 7)
|
Batting: RHB Chang-geun Kim
|
0-0: Ball 1-0: Fly out, F7 (Flyball, 7S)
|
Batting: RHB Dale Taylor
|
0-0: Ball 1-0: Ball 2-0: Ball 3-0: SINGLE (Flyball, 9LS)
|
Batting: RHB Bob Orr
|
0-0: Ball 1-0: Foul Ball, location: 2F 1-1: 2-RUN HOME RUN (Flyball, 89XD), Distance : 405 ft
|
Batting: RHB José Martínez
|
0-0: Ball 1-0: Ball 2-0: Swinging Strike 2-1: Ball 3-1: Base on Balls
|
Batting: RHB Raúl Perales
|
0-0: Called Strike 0-1: Called Strike 0-2: Foul Ball, location: 2F 0-2: Ball 1-2: Strikes out swinging
|
Top of the 1st over - 2 run(s), 2 hit(s), 0 error(s), 1 left on base; San Jose 2 - Houston 0 |
BOTTOM OF THE 1ST |
Houston Hammertime batting - Pitching for San Jose Missions : RHP José Reyes
|
Pitching: RHP José Reyes
|
|
Batting: SHB Carlos Córdova
|
0-0: Ball 1-0: Fly out, F7 (Flyball, 7LM)
|
Batting: RHB José García
|
0-0: Bunt for hit - play at first, batter OUT! 2-3
|
Batting: LHB Tom Baker
|
0-0: Ball 1-0: Ball 2-0: Ball 3-0: Called Strike 3-1: Base on Balls
|
Batting: RHB Dan Mason
|
0-0: Swinging Strike 0-1: SINGLE (Groundball, 6MD) Tom Baker to second Runner from 2nd tries for 3rd, SAFE, throw made to third
|
Batting: RHB David Hernández
|
0-0: Foul Ball, location: 2F 0-1: Ball 1-1: Fielders Choice at 2nd, 6-4 (Groundball, 56)
|
Bottom of the 1st over - 0 run(s), 1 hit(s), 0 error(s), 1 left on base; San Jose 2 - Houston 0 |
TOP OF THE 2ND |
San Jose Missions batting - Pitching for Houston Hammertime : LHP Millard Curtis
|
Batting: RHB Ed Starr
|
0-0: Foul Ball, location: 2F 0-1: Fly out, F8 (Flyball, 8LS)
|
Batting: RHB Peter Bishop
|
0-0: Called Strike 0-1: Ball 1-1: SINGLE (Groundball, 34D)
|
Batting: LHB Wilson Vecino
|
0-0: Ball 1-0: Foul Ball, location: 2F Pickoff Throw to First - Out! 1-1: Ball 2-1: Foul Ball, location: 2F 2-2: Strikes out looking
|
Top of the 2nd over - 0 run(s), 1 hit(s), 0 error(s), 0 left on base; San Jose 2 - Houston 0 |
BOTTOM OF THE 2ND |
Houston Hammertime batting - Pitching for San Jose Missions : RHP José Reyes
|
Batting: RHB Santo Cruz
|
0-0: Called Strike 0-1: Ball 1-1: Called Strike 1-2: Strikes out looking
|
Batting: RHB Carlos Pérez
|
0-0: Called Strike 0-1: Ball 1-1: Fly out, F2 (Popup, 23)
|
Batting: RHB Alberto Chávez
|
0-0: Swinging Strike 0-1: Ball 1-1: SINGLE (Groundball, 34D)
|
Batting: LHB Fernando Camacho
|
0-0: SINGLE (Line Drive, 89M) Alberto Chávez to second Runner from 2nd tries for 3rd, SAFE, throw made to third
|
Batting: SHB Carlos Córdova
|
0-0: Foul Ball, location: 2F 0-1: Ball 1-1: Ball 2-1: DOUBLE (Line Drive, 7LM) Alberto Chávez scores Fernando Camacho to third Runner from 3rd tries for Home, SAFE, throw made at trailing runner, SAFE at third!
|
Batting: RHB José García
|
0-0: Called Strike 0-1: Ball 1-1: Ball 2-1: SINGLE (Line Drive, 4D) Carlos Córdova scores
|
Batting: LHB Tom Baker
|
0-0: Ball 1-0: Fly out, F9 (Line Drive, 9)
|
Bottom of the 2nd over - 3 run(s), 4 hit(s), 0 error(s), 1 left on base; San Jose 2 - Houston 3 |
TOP OF THE 3RD |
San Jose Missions batting - Pitching for Houston Hammertime : LHP Millard Curtis
|
Batting: RHB Bobby Brewster
|
0-0: Called Strike 0-1: Ball 1-1: Ball 2-1: Ground out 4-3 (Groundball, 34)
|
Batting: RHB Chang-geun Kim
|
0-0: Called Strike 0-1: Foul Ball, location: 2F 0-2: Ball 1-2: Foul Ball, location: 2F 1-2: Foul Ball, location: 2F 1-2: Ground out 6-3 (Groundball, 6S)
|
Batting: RHB Dale Taylor
|
0-0: Ball 1-0: Foul Ball, location: 2F 1-1: Foul Ball, location: 2F 1-2: Foul Ball, location: 2F 1-2: SINGLE (Line Drive, 6D)
|
Batting: RHB Bob Orr
|
0-0: Ball 1-0: Ball 2-0: Foul Ball, location: 2F 2-1: Called Strike 2-2: Strikes out swinging
|
Top of the 3rd over - 0 run(s), 1 hit(s), 0 error(s), 1 left on base; San Jose 2 - Houston 3 |
BOTTOM OF THE 3RD |
Houston Hammertime batting - Pitching for San Jose Missions : RHP José Reyes
|
Batting: RHB Dan Mason
|
0-0: Foul Ball, location: 2F 0-1: Ground out 6-3 (Groundball, 6)
|
Batting: RHB David Hernández
|
0-0: Ball 1-0: Swinging Strike 1-1: SINGLE (Line Drive, 7LS)
|
Batting: RHB Santo Cruz
|
0-0: Ball 1-0: Ball 2-0: Ball Wild Pitch! David Hernández to second 3-0: Base on Balls
|
Batting: RHB Carlos Pérez
|
0-0: Ball 1-0: Swinging Strike 1-1: Ball 2-1: Ball 3-1: Base on Balls David Hernández to third Santo Cruz to second
|
Batting: RHB Alberto Chávez
|
0-0: Ball 1-0: Called Strike 1-1: Ball 2-1: Foul Ball, location: 2F 2-2: Strikes out swinging
|
Batting: LHB Fernando Camacho
|
0-0: Ball 1-0: Ball 2-0: Called Strike 2-1: Ball 3-1: Base on Balls David Hernández scores Santo Cruz to third Carlos Pérez to second
|
Batting: SHB Carlos Córdova
|
0-0: Called Strike 0-1: Ball 1-1: Ball 2-1: Ball 3-1: Called Strike 3-2: Base on Balls Santo Cruz scores Carlos Pérez to third Fernando Camacho to second
|
Batting: RHB José García
|
0-0: Ball 1-0: SINGLE (Line Drive, 9S) Carlos Pérez scores Fernando Camacho to third Carlos Córdova to second Runner from 3rd tries for Home, SAFE, throw made home Carlos Córdova to third José García to second
|
Batting: LHB Tom Baker
|
0-0: Called Strike 0-1: 3-RUN HOME RUN (Flyball, 8RXD), Distance : 432 ft
|
Pitching: RHP Micheal Wood
|
|
Batting: RHB Dan Mason
|
0-0: Swinging Strike 0-1: Swinging Strike 0-2: Foul Ball, location: 2F 0-2: Ball 1-2: Ball 2-2: Ball 3-2: Foul Ball, location: 2F 3-2: Foul Ball, location: 2F 3-2: Base on Balls
|
Batting: RHB David Hernández
|
0-0: Ball 1-0: Fly out, F6 (Line Drive, 56)
|
Bottom of the 3rd over - 7 run(s), 3 hit(s), 0 error(s), 1 left on base; San Jose 2 - Houston 10 |
TOP OF THE 4TH |
San Jose Missions batting - Pitching for Houston Hammertime : LHP Millard Curtis
|
Batting: RHB José Martínez
|
0-0: Ball 1-0: Ball 2-0: Swinging Strike 2-1: SINGLE (Groundball, 56D)
|
Batting: RHB Raúl Perales
|
0-0: Ball 1-0: Swinging Strike 1-1: Swinging Strike 1-2: Foul Ball, location: 2F 1-2: Ball 2-2: Grounds into double play, 6-4-3 (Groundball, 6)
|
Batting: RHB Ed Starr
|
0-0: Ball 1-0: Foul Ball, location: 2F 1-1: Ball 2-1: Ball 3-1: Foul Ball, location: 2F 3-2: Foul Ball, location: 2F 3-2: SINGLE (Line Drive, 89S)
|
Batting: RHB Peter Bishop
|
0-0: Called Strike 0-1: Swinging Strike 0-2: Strikes out swinging
|
Top of the 4th over - 0 run(s), 2 hit(s), 0 error(s), 1 left on base; San Jose 2 - Houston 10 |
BOTTOM OF THE 4TH |
Houston Hammertime batting - Pitching for San Jose Missions : RHP Micheal Wood
|
Batting: RHB Santo Cruz
|
0-0: Ground out 4-3 (Groundball, 4M)
|
Batting: RHB Carlos Pérez
|
0-0: Foul Ball, location: 2F 0-1: Ball 1-1: SINGLE (Groundball, 6MD)
|
Batting: RHB Alberto Chávez
|
0-0: Ball 1-0: Ball 2-0: Ball 3-0: Base on Balls Carlos Pérez to second
|
Batting: LHB Fernando Camacho
|
0-0: Grounds into double play, 6-4-3 (Groundball, 6)
|
Bottom of the 4th over - 0 run(s), 1 hit(s), 0 error(s), 1 left on base; San Jose 2 - Houston 10 |
TOP OF THE 5TH |
San Jose Missions batting - Pitching for Houston Hammertime : LHP Millard Curtis
|
Batting: LHB Wilson Vecino
|
0-0: Fly out, F9 (Flyball, 89M)
|
Batting: RHB Bobby Brewster
|
0-0: Foul Ball, location: 2F 0-1: Ball 1-1: Ball 2-1: Fly out, F6 (Line Drive, 6)
|
Batting: RHB Chang-geun Kim
|
0-0: Ball 1-0: Called Strike 1-1: Called Strike 1-2: Foul Ball, location: 2F 1-2: Foul Ball, location: 2F 1-2: Ground out 6-3 (Groundball, 6S)
|
Top of the 5th over - 0 run(s), 0 hit(s), 0 error(s), 0 left on base; San Jose 2 - Houston 10 |
BOTTOM OF THE 5TH |
Houston Hammertime batting - Pitching for San Jose Missions : RHP Micheal Wood
|
Batting: SHB Carlos Córdova
|
0-0: Ball 1-0: Called Strike 1-1: Hit by Pitch
|
Batting: RHB José García
|
0-0: Foul Ball, location: 2F 0-1: Called Strike 0-2: Foul Ball, location: 2F 0-2: Ball 1-2: Ball 2-2: Fielders Choice at 2nd, 5-4 (Groundball, 56)
|
Pitching: RHP Mark Bidwell
|
|
Batting: LHB Tom Baker
|
0-0: Ball 1-0: Ball 2-0: Called Strike José García is caught stealing 2nd base 2-1: Ball 3-1: Fly out, F6 (Line Drive, 6)
|
Bottom of the 5th over - 0 run(s), 0 hit(s), 0 error(s), 0 left on base; San Jose 2 - Houston 10 |
TOP OF THE 6TH |
San Jose Missions batting - Pitching for Houston Hammertime : LHP Millard Curtis
|
Batting: RHB Dale Taylor
|
0-0: SOLO HOME RUN (Flyball, 7LD), Distance : 356 ft
|
Batting: RHB Bob Orr
|
0-0: Foul Ball, location: 2F 0-1: Called Strike 0-2: Ball 1-2: Fly out, F7 (Flyball, 7)
|
Batting: RHB José Martínez
|
0-0: Called Strike 0-1: Called Strike 0-2: Strikes out looking
|
Pitching: RHP Pedro Castillo
|
|
Batting: RHB Raúl Perales
|
0-0: Ground out 6-3 (Groundball, 6)
|
Top of the 6th over - 1 run(s), 1 hit(s), 0 error(s), 0 left on base; San Jose 3 - Houston 10 |
BOTTOM OF THE 6TH |
Houston Hammertime batting - Pitching for San Jose Missions : RHP Mark Bidwell
|
Batting: RHB Dan Mason
|
0-0: SOLO HOME RUN (Flyball, 89XD), Distance : 411 ft
|
Batting: RHB David Hernández
|
0-0: Foul Ball, location: 2F 0-1: Ball 1-1: Ball 2-1: Foul Ball, location: 2F 2-2: Ground out 4-3 (Groundball, 4S)
|
Pitching: RHP Paul Lewis
|
|
Batting: RHB Santo Cruz
|
0-0: Called Strike 0-1: Swinging Strike 0-2: Ball 1-2: Ball 2-2: Ball 3-2: Strikes out swinging
|
Batting: RHB Carlos Pérez
|
0-0: Ball 1-0: Ball 2-0: Foul Ball, location: 2F 2-1: SINGLE (Line Drive, 34D)
|
Batting: RHB Alberto Chávez
|
0-0: Ball 1-0: Ball 2-0: Ball 3-0: Called Strike 3-1: SINGLE (Groundball, 4MD) Carlos Pérez to second Runner from 2nd tries for 3rd, SAFE, throw made to third
|
Batting: LHB Fernando Camacho
|
0-0: Ground out 3-1 (Groundball, 3S)
|
Bottom of the 6th over - 1 run(s), 3 hit(s), 0 error(s), 2 left on base; San Jose 3 - Houston 11 |
TOP OF THE 7TH |
San Jose Missions batting - Pitching for Houston Hammertime : RHP Pedro Castillo
|
Batting: RHB Ed Starr
|
0-0: Foul Ball, location: 2F 0-1: Called Strike 0-2: Ball 1-2: SINGLE (Groundball, 6MD)
|
Batting: RHB Peter Bishop
|
0-0: Foul Ball, location: 2F 0-1: Swinging Strike 0-2: Foul Ball, location: 2F 0-2: Foul Ball, location: 2F 0-2: Strikes out swinging
|
Batting: LHB Wilson Vecino
|
0-0: Called Strike 0-1: Foul Ball, location: 2F 0-2: Strikes out swinging
|
Batting: RHB Bobby Brewster
|
0-0: Called Strike 0-1: Fielders Choice at 2nd, 6-4 (Groundball, 6)
|
Top of the 7th over - 0 run(s), 1 hit(s), 0 error(s), 0 left on base; San Jose 3 - Houston 11 |
BOTTOM OF THE 7TH |
Houston Hammertime batting - Pitching for San Jose Missions : RHP Paul Lewis
|
Batting: SHB Carlos Córdova
|
0-0: Called Strike 0-1: Foul Ball, location: 2F 0-2: Ball 1-2: SINGLE (Flyball, 8LS)
|
Batting: RHB José García
|
0-0: Ball 1-0: Called Strike 1-1: Ball 2-1: Ball 3-1: Grounds into double play, 4-6-3 (Groundball, 4)
|
Batting: LHB Tom Baker
|
0-0: Called Strike 0-1: Ball 1-1: Ball 2-1: Ball 3-1: Foul Ball, location: 2F 3-2: TRIPLE (Groundball, 5L)
|
Batting: RHB Dan Mason
|
0-0: Ground out 1-3 (Groundball, 15)
|
Bottom of the 7th over - 0 run(s), 2 hit(s), 0 error(s), 1 left on base; San Jose 3 - Houston 11 |
TOP OF THE 8TH |
San Jose Missions batting - Pitching for Houston Hammertime : RHP Pedro Castillo
|
Batting: RHB Chang-geun Kim
|
0-0: Called Strike 0-1: Foul Ball, location: 2F 0-2: Strikes out looking
|
Batting: RHB Dale Taylor
|
0-0: Ground out 6-3 (Groundball, 6)
|
Batting: RHB Bob Orr
|
0-0: Called Strike 0-1: Reached on error, E2 (Groundball, 2L)
|
Batting: RHB José Martínez
|
0-0: Called Strike 0-1: Hit by Pitch
|
Batting: RHB Raúl Perales
|
0-0: Called Strike 0-1: Fielders Choice at 2nd, 4-6 (Groundball, 4D)
|
Top of the 8th over - 0 run(s), 0 hit(s), 1 error(s), 1 left on base; San Jose 3 - Houston 11 |
BOTTOM OF THE 8TH |
Houston Hammertime batting - Pitching for San Jose Missions : RHP Paul Lewis
|
Batting: RHB David Hernández
|
0-0: Ball 1-0: Called Strike 1-1: SINGLE (Line Drive, 4MD)
|
Batting: RHB Santo Cruz
|
0-0: Ball 1-0: Ball 2-0: Called Strike 2-1: Foul Ball, location: 2F 2-2: Ball 3-2: Base on Balls David Hernández to second
|
Batting: RHB Carlos Pérez
|
0-0: Ball 1-0: Called Strike 1-1: SINGLE (Flyball, 8LS) David Hernández to third Santo Cruz to second
|
Batting: RHB Alberto Chávez
|
0-0: Called Strike 0-1: Foul Ball, location: 2F 0-2: Foul Ball, location: 2F 0-2: Ball 1-2: Ground out 5-3 (Groundball, 56S) David Hernández scores Santo Cruz to third Carlos Pérez to second
|
Batting: LHB Fernando Camacho
|
0-0: Ball 1-0: Called Strike 1-1: Ball 2-1: SINGLE (Groundball, 34D) Santo Cruz scores Carlos Pérez to third Runner from 3rd tries for Home, SAFE, no throw
|
Batting: SHB Carlos Córdova
|
0-0: Foul Ball, location: 2F 0-1: Foul Ball, location: 2F 0-2: Ball 1-2: Ground out 4-3 (Groundball, 4S) Fernando Camacho to second
|
Pinch Hitting: LHB Bill Murphy
|
0-0: Called Strike 0-1: Ball 1-1: Ball 2-1: Foul Ball, location: 2F 2-2: Strikes out looking
|
Bottom of the 8th over - 3 run(s), 3 hit(s), 0 error(s), 1 left on base; San Jose 3 - Houston 14 |
TOP OF THE 9TH |
San Jose Missions batting - Pitching for Houston Hammertime : RHP Pedro Castillo
|
Now at 3B: Richard Bowman
|
|
Now in RF: Enrique Valentín
|
|
Batting: RHB Ed Starr
|
0-0: Called Strike 0-1: Ball 1-1: Called Strike 1-2: Strikes out swinging
|
Batting: RHB Peter Bishop
|
0-0: Ball 1-0: Ground out 6-3 (Groundball, 6)
|
Batting: LHB Wilson Vecino
|
0-0: Ball 1-0: Called Strike 1-1: SOLO HOME RUN (Flyball, 9LD), Distance : 339 ft
|
Batting: RHB Bobby Brewster
|
0-0: Ball 1-0: Foul Ball, location: 2F 1-1: DOUBLE (Line Drive, 7LM)
|
Batting: RHB Chang-geun Kim
|
0-0: Ball 1-0: Ground out 6-3 (Groundball, 6)
|
Top of the 9th over - 1 run(s), 2 hit(s), 0 error(s), 1 left on base; San Jose 4 - Houston 14 |
|